 Dungeon Crawl Stone Soup version 0.30.0-29-ga12c61a403 (webtiles) character file.

Game seed: 456394870923151500

788 qw the Chopper (level 7, 0/43 HPs)
             Began as a Gargoyle Fighter on June 5, 2023.
             Slain by Sigmund
             ... wielding a +2 scythe of flaming
              (1 damage)
             ... on level 4 of the Dungeon.
             The game lasted 00:01:21 (3341 turns).

qw the Chopper (Gargoyle Fighter)                   Turns: 3341, Time: 00:01:22

Health: 0/43       AC: 11    Str: 21    XL:     7   Next: 87%
Magic:  7/7        EV: 10    Int:  9    God:
Gold:   128        SH:  4    Dex:  9    Spells: 6/6 levels left

rFire   . . .        Y - +1 war axe (heavy)
rCold   . . .        c - +0 buckler
rNeg    + . .        b - +0 scale mail
rPois   inf          (no helmet)
rElec   +            (no cloak)
rCorr   .            (no gloves)
SInv    .            (no boots)
Will    .....        (no amulet) Stlth
                     (no ring)
HPRegen 0.27/turn    (no ring)
MPRegen 0.10/turn

%: no passive effects
@: no status effects
A: sickness immunity, AC +4, negative energy resistance 1, electricity
resistance, torment resistance 1, petrification resistance
a: no special abilities


You were on level 4 of the Dungeon.
You visited 1 branch of the dungeon, and saw 4 of its levels.

You collected 212 gold pieces.
You spent 84 gold pieces at shops.


Innate Abilities, Weirdness & Mutations

You are immune to sickness and miasma.
Your stone body is resilient. (AC +4)
You are immune to poison.
You resist negative energy. (rN+)
You are resistant to electric shocks. (rElec)
You are resistant to unholy torment.
You are immune to petrification.


   Skills:
 - Level 4.2 Fighting
 + Level 5.6 Axes
 - Level 3.2 Armour
 - Level 4.4 Dodging
 - Level 3.2 Shields


You had 6 spell levels left.
You didn't know any spells.
Your spell library was empty.

Inventory:

Hand Weapons
 g - a +0 flail
 Y - a +1 heavy war axe (weapon)
Missiles
 k - 5 boomerangs (quivered)
Armour
 b - a +0 scale mail (worn)
 c - a +0 buckler (worn)
 p - the +0 ring mail of the Amorous Grue {-Cast rC++ Str+6}
   (You found it on level 4 of the Dungeon)

   Str:       It affects your strength (+6).
   rC:        It greatly protects you from cold.
   -Cast:     It prevents spellcasting.
 q - a +0 plate armour
Jewellery
 l - a +6 ring of strength
 n - an amulet of guardian spirit
 o - an amulet of magic regeneration
Scrolls
 f - a scroll of identify
 h - a scroll of magic mapping {unknown}
Potions
 a - 5 potions of mutation
 d - a potion of might
 e - a potion of resistance
 i - a potion of brilliance {unknown}
 j - a potion of attraction {unknown}
 m - 2 potions of curing

Dungeon Overview and Level Annotations

Branches:
Dungeon (4/15)
 Temple: D:4-7

Altars:
Makhleb

Shops:
D:4 !

Annotations:
D:3 1 runed translucent door, Crazy Yiuf
D:4 Sigmund


Message History

You barely miss Sigmund.
Sigmund is lightly wounded.
Sigmund giggles. "Time to reap what you sow."
Sigmund hits you with a +2 scythe of flaming!
Sigmund burns you.
You closely miss Sigmund.
Sigmund is lightly wounded.
Sigmund casts a spell.
Sigmund flickers and vanishes!
Deactivating autopickup; reactivate with Ctrl-A.
You closely miss something. Something hits you. Something burns you.
You hear a zap.
The roots erupt in riotous growth!
The grasping roots grab you!
You are constricted.
You hear a shout!
You closely miss something. Something hits you but does no damage.
You are constricted.
The grasping roots release their grip on you.
You barely miss something.
You hear a zap.
The roots erupt in riotous growth!
The grasping roots grab you!
You are constricted.
Something hits you. Something burns you.
You are constricted.
You closely miss something.
A kobold comes into view. It is wielding a +0 short sword.
Something hits you but does no damage.
You are constricted.
The kobold hits you but does no damage.
The grasping roots release their grip on you.
You slash the kobold!
You kill the kobold!
You hit something. Something hits you. Something burns you.
You hear some strange, mumbled words.
Something tries to affect you, but you resist.
You barely miss something. Something hits you. Something burns you.
You die...

#.# #.# #.###
#...# ###.# #..
##### #.#
######..{# #.#
...(...#@# #.#
# #.)[# #.#
....###.######
#)#
#...<.%....#
#.#
#####.####)#
####.# #.# #.#
#..... #.#
##.#######.##.#
..#
#....>........#
.##
#..#######....#


There were no monsters in sight!

Vanquished Creatures
  Pikel (D:4)
  2 scorpions (D:4)
  2 orc priests (D:4)
  An orc wizard (D:3)
  Natasha (D:4)
  3 gnolls (D:2)
  2 adders (D:3)
  2 worms
  A dart slug (D:2)
  6 orcs
  4 ball pythons
  5 endoplasms
  A giant cockroach (D:1)
  6 goblins
  A hobgoblin (D:2)
  4 jackals (D:2)
  11 kobolds
  2 quokkas (D:1)
  4 bats
  2 rats (D:3)
  A spectral kobold (D:1)
62 creatures vanquished.

Notes
Turn   | Place    | Note
-------+----------+-------------------------------------------
     0 | D:1      | qw the Gargoyle Fighter began the quest for the Orb.
     0 | D:1      | Reached XP level 1. HP: 14/14 MP: 1/1
     0 | D:1      | 0 ||| qw: Version: 0.2-a-108-gee2c290
     0 | D:1      | 0 ||| qw: Game counter: 1392
     0 | D:1      | 0 ||| qw: Always use a shield: true
     0 | D:1      | 0 ||| qw: God list: Okawaru
     0 | D:1      | 0 ||| qw: Allow faded altars: false
     0 | D:1      | 0 ||| qw: Do Orc after D:15 true
     0 | D:1      | 0 ||| qw: Do second Lair branch before Depths: true
     0 | D:1      | 0 ||| qw: Lair rune preference: random
     0 | D:1      | 0 ||| qw: Plans: Normal, Zot:1-4, Slime:5, God:TSO, Crypt,
                  | Tomb, Abyss, Pan, Hells, Win
     0 | D:1      | 0 ||| PLANNING D:1-11
    27 | D:1      | 27 ||| DROPPING +0 whip.
    95 | D:1      | Reached skill level 2 in Axes
   130 | D:1      | 130 ||| READING scroll labelled QEUGAT AMEO.
   131 | D:1      | 131 ||| READING 3 scrolls labelled GOMYAH TAYGHA.
   132 | D:1      | 132 ||| READING scroll labelled IGHIOL DIUCIN.
   303 | D:1      | Found a faded altar of an unknown god.
   309 | D:1      | Reached XP level 2. HP: 19/19 MP: 2/2
   403 | D:1      | 403 ||| Stepping ~*~*~tactically~*~*~ (stealth).
   404 | D:1      | 404 ||| Stepping ~*~*~tactically~*~*~ (stealth).
   964 | D:1      | 964 ||| READING scroll labelled DAHIBRASTRO.
   969 | D:1      | 969 ||| READING 4 scrolls of identify.
   969 | D:1      | 969 ||| IDENTIFYING bubbling emerald potion
   970 | D:1      | 970 ||| READING 3 scrolls of identify.
   970 | D:1      | 970 ||| IDENTIFYING smoky grey potion
   971 | D:1      | 971 ||| DROPPING potion of degeneration.
   979 | D:2      | 979 ||| Stepping ~*~*~tactically~*~*~ (stealth).
  1030 | D:2      | Reached skill level 3 in Axes
  1030 | D:2      | Reached XP level 3. HP: 10/23 MP: 3/3
  1037 | D:2      | HP: 3/23 [gnoll/+0 club (4)]
  1323 | D:2      | Reached XP level 4. HP: 25/28 MP: 4/4
  1526 | D:2      | 1526 ||| Stepping ~*~*~tactically~*~*~ (hiding).
  1776 | D:2      | 1776 ||| READING scroll labelled QOASCH XONYKKATUEM.
  1777 | D:2      | 1777 ||| READING scroll labelled LUWKEI PAFEJURR.
  1778 | D:2      | 1778 ||| READING 2 scrolls of identify.
  1778 | D:2      | 1778 ||| IDENTIFYING green potion
  1779 | D:2      | 1779 ||| DROPPING potion of flight.
  1817 | D:3      | Reached skill level 4 in Axes
  1828 | D:3      | Found a runed translucent door.
  1829 | D:3      | Noticed Crazy Yiuf
  1909 | D:3      | 1909 ||| Stepping ~*~*~tactically~*~*~ (stealth).
  2102 | D:3      | Found a burning altar of Makhleb.
  2134 | D:3      | 2134 ||| Stepping ~*~*~tactically~*~*~ (stealth).
  2140 | D:3      | 2140 ||| Stepping ~*~*~tactically~*~*~ (stealth).
  2142 | D:3      | 2142 ||| Stepping ~*~*~tactically~*~*~ (stealth).
  2144 | D:3      | 2144 ||| Stepping ~*~*~tactically~*~*~ (hiding).
  2281 | D:3      | 2281 ||| Stepping ~*~*~tactically~*~*~ (stealth).
  2282 | D:3      | 2282 ||| Stepping ~*~*~tactically~*~*~ (stealth).
  2284 | D:3      | 2284 ||| Stepping ~*~*~tactically~*~*~ (stealth).
  2285 | D:3      | 2285 ||| Stepping ~*~*~tactically~*~*~ (stealth).
  2543 | D:3      | Reached XP level 5. HP: 24/32 MP: 5/5
  2558 | D:3      | 2558 ||| FLEEEEING.
  2559 | D:3      | 2559 ||| FLEEEEING.
  2560 | D:3      | 2560 ||| FLEEEEING.
  2838 | D:3      | 2838 ||| READING scroll labelled CEIF VURUF.
  2839 | D:3      | 2839 ||| READING 2 scrolls of identify.
  2839 | D:3      | 2839 ||| IDENTIFYING dark potion
  2902 | D:4      | 2902 ||| Stepping ~*~*~tactically~*~*~ (hiding).
  2906 | D:4      | 2906 ||| Stepping ~*~*~tactically~*~*~ (stealth).
  2917 | D:4      | Reached skill level 5 in Axes
  2921 | D:4      | 2921 ||| Stepping ~*~*~tactically~*~*~ (hiding).
  2976 | D:4      | Found Vecu Kixekk's Distillery.
  2985 | D:4      | 2985 ||| BUYING potion of curing (42 gold).
  2985 | D:4      | Bought a potion of curing for 42 gold pieces
  2985 | D:4      | 2985 ||| BUYING potion of curing (42 gold).
  2985 | D:4      | Bought a potion of curing for 42 gold pieces
  3019 | D:4      | Identified the +0 ring mail of the Amorous Grue {-Cast rC++
                  | Str+6}
  3065 | D:4      | Noticed Natasha
  3071 | D:4      | Killed Natasha
  3072 | D:4      | Reached XP level 6. HP: 17/38 MP: 6/6
  3200 | D:4      | Noticed Pikel
  3210 | D:4      | Killed Pikel
  3211 | D:4      | Reached XP level 7. HP: 34/43 MP: 7/7
  3326 | D:4      | Noticed Sigmund
  3339 | D:4      | HP: 10/43 [something (6)]
  3340 | D:4      | HP: 4/43 [something (6)]
  3341 | D:4      | HP: 1/43 [something (2)]
  3341 | D:4      | Slain by Sigmund

Levels and vault maps discovered:
D:1:      dpeg_arrival_rooms_a, layout_basic,
          dreamdust_ecumenical_altar_drowned_temple, reono_crystal_passage
D:2:      layout_loops_ring
D:3:      layout_basic, mainiacjoe_overflow_six_doors_small,
          uniq_crazy_yiuf_cottage
D:4:      layout_loops_ring, serial_shops, shop, chequers_mini_garden,
          uniq_sigmund, uniq_pikel, uniq_natasha

Skill      XL: |  1  2  3  4  5  6 |
---------------+-------------------+-----
Axes           | 2 3 4 5 |  5.6
Fighting       | 4 |  4.2
Dodging        | 4 |  4.4
Armour         | |  3.2
Shields        | |  3.2

Action                     |  1- 3 |  4- 6 |  7- 9 || total
---------------------------+-------+-------+-------++-------
  Melee: War axe           |    85 |    84 |    15 ||   184
  Throw: Boomerang         |       |    11 |     3 ||    14
    Use: Scroll            |     6 |     5 |       ||    11
 Armour: Scale mail        |    46 |    39 |     6 ||    91
  Dodge: Dodged            |    40 |    33 |     3 ||    76
  Block: Buckler           |    17 |    14 |     3 ||    34

Table legend:
 A = Non-vault XP
 B = Vault XP
 C = Vault XP percentage of total XP
 D = Non-vault monster count
 E = Vault monster count
 F = Vault count percentage of total count
                 A         B        C        D         E       F
            +---------+---------+-------+---------+---------+-------
      Total |     450 |     677 |  60.1 |      59 |       3 |   4.8
            +---------+---------+-------+---------+---------+-------
        D:1 |      21 |       1 |   4.5 |      12 |       1 |   7.7
        D:2 |      76 |       0 |   0.0 |      18 |       0 |   0.0
        D:3 |      88 |       0 |   0.0 |      17 |       0 |   0.0
        D:4 |     265 |     676 |  71.8 |      12 |       2 |  14.3
            +---------+---------+-------+---------+---------+-------
